 Dungeon Sprint DCSS version 0.25-a0-435-g4b9beb1024 (webtiles) character file.

Game seed: 1039208099023942533, levelgen mode: deterministic

2200 Baz the Unseen (level 9, -3/39 HPs)
             Began as a Spriggan Enchanter on Jan 27, 2020.
             Was a Believer of Okawaru.
             Slain by a demonic crawler (8 damage)
             ... in the Dungeon (Sprint I: "Red Sonja").
             The game lasted 00:08:33 (459 turns).

Baz the Unseen (Spriggan Enchanter)                  Turns: 459, Time: 00:08:34

Health: -3/39      AC:  5    Str:  4    XL:     9   Next: 12%
Magic:  20/23      EV: 18    Int: 16    God:    Okawaru [**....]
Gold:   402        SH:  0    Dex: 20    Spells: 20/26 levels left

rFire    . . .     SeeInvis +   i - +2 dagger (distort)
rCold    . . .     Gourm    .   (shield restricted)
rNeg     . . .     Faith    .   b - +0 robe
rPois    .         Spirit   .   (helmet restricted)
rElec    .         Reflect  .   m - +2 cloak
rCorr    .         Harm     .   (gloves unavailable)
MR       +....     NoTele   +   (boots unavailable)
Stlth    ++++++++..             (no amulet)
HPRegen  0.13/turn              (no ring)
MPRegen  0.18/turn              (no ring)

@: confusing touch, very quick
A: very small, unfitting armour, see invisible, herbivore, speed 3, slow
metabolism 2
a: Heroism, Renounce Religion


You were in the Dungeon.
You worshipped Okawaru.
Okawaru was pleased with you.
You were not hungry.

You visited 1 branch You collected 633 gold pieces.
You spent 231 gold pieces at shops.

Inventory:

Hand Weapons
 a - a +1 dagger
 i - a +2 dagger of distortion (weapon)
Missiles
 k - 9 curare-tipped darts (quivered)
Armour
 b - a +0 robe (worn)
 m - a +2 cloak (worn)
Scrolls
 j - a scroll of blinking
Potions
 c - a potion of might {unknown}
 e - 3 potions of curing
 f - 2 potions of heal wounds
 g - a potion of haste
 h - 2 potions of magic
 l - a potion of ambrosia {unknown}
Comestibles
 d - 2 rations


   Skills:
 + Level 8.3 Short Blades
 - Level 3.0 Dodging
 * Level 20.8 Stealth
 + Level 9.4 Spellcasting
 + Level 12.1 Hexes


You had 20 spell levels left.
You knew the following spells:

 Your Spells              Type           Power        Failure   Level  Hunger
a - Corona                Hex            #####..      1%          1    None
b - Ensorcelled Hibernat  Hex/Ice        ####..       1%          2    None
c - Confusing Touch       Hex            #####...     1%          3    None

Your spell library contained the following spells:

 Spells                   Type           Power        Failure   Level  Hunger
 Tukima's Dance           Hex            #####...     1%          3    None
 Dazzling Flash           Conj/Hex       ####..       2%          3    None


Dungeon Overview and Level Annotations

Branches:
Dungeon (1/1)

Altars:
Cheibriados
Dithmenos
Elyvilon
Fedhas
Gozag
Hepliaklqana
Kikubaaqudgha
Makhleb
Nemelex Xobeh
Okawaru
Qazlal
Ru
Sif Muna
Trog
Uskayaw
Vehumet
Wu Jian
Xom
Yredelemnul
Zin
The Shining One
Jiyva
Lugonu

Shops:
D *[


Innate Abilities, Weirdness & Mutations

You are very small and have problems with some larger weapons.
You are too small for most types of armour.
You have supernaturally acute eyesight. (SInv)
You are a herbivore.
You cover ground extremely quickly.
You need to consume almost no food.


Message History

Confirm with . or Enter, or press ? or * to list all spells.
Your hands begin to glow red.
The demonic crawler hits you! The demonic crawler barely misses you.
The demonic crawler completely misses you.
You hit the demonic crawler but do no damage.
The demonic crawler hits you but does no damage.
The demonic crawler barely misses you.
The demonic crawler completely misses you.
You hit the demonic crawler but do no damage.
You hit the demonic crawler but do no damage.
The demonic crawler completely misses you.
The demonic crawler hits you! The demonic crawler hits you.
You hit the demonic crawler but do no damage.
The demonic crawler misses you. The demonic crawler hits you!
* * * LOW HITPOINT WARNING * * *
The demonic crawler hits you but does no damage.
There is a viscous altar of Jiyva here.
You hit the demonic crawler but do no damage.
The demonic crawler hits you!
You die...

##########################
#<.#.['..#.)'..#@_#..'..)#
#..'..#.)'..#..s^.+s.#...##+#
#..#####'#####'#__####)..'s.#
#..####..#...#[#### #####..+
#..#__####..##[# +##
#..#_____##'#_.+
#⌠⌠#_.∩..†'..._#
####_..__##_.#+##+###
#_____###'# #.[..###


You could see a demonic crawler.

Vanquished Creatures
  Sonja (D)
  A deep troll (D)
  2 kobold demonologists (D)
  A slime creature (D)
  Sigmund (D)
  A yak (D)
  A floating eye (D)
  An ogre (D)
  A jelly (D)
  Ijyb (D)
11 creatures vanquished.

Notes
Turn   | Place    | Note
-------+----------+-------------------------------------------
     0 | D        | Baz the Spriggan Enchanter began the quest for the Orb.
     0 | D        | Reached XP level 1. HP: 9/9 MP: 5/5
     1 | D        | Noticed Ijyb
     9 | D        | Killed Ijyb
     9 | D        | Reached skill level 10 in Stealth
     9 | D        | Reached XP level 2. HP: 13/13 MP: 6/6
    40 | D        | Learned a level 2 spell: Ensorcelled Hibernation
    41 | D        | Noticed an ogre
    44 | D        | Killed an ogre
    44 | D        | Reached skill level 14 in Stealth
    44 | D        | Reached XP level 3. HP: 16/16 MP: 8/8
    44 | D        | Reached XP level 4. HP: 21/21 MP: 9/9
    58 | D        | Learned a level 3 spell: Confusing Touch
    58 | D        | Noticed Sigmund
    61 | D        | Killed Sigmund
    61 | D        | Reached skill level 17 in Stealth
    61 | D        | Reached XP level 5. HP: 24/24 MP: 10/10
    75 | D        | Found an ornate altar of the Wu Jian Council.
    75 | D        | Found a shimmering blue altar of Sif Muna.
    77 | D        | Found a radiant altar of Vehumet.
    81 | D        | Reached skill level 18 in Stealth
    81 | D        | Reached XP level 6. HP: 28/28 MP: 11/11
    86 | D        | Found Fyrch's General Store.
    86 | D        | Found an ancient bone altar of Kikubaaqudgha.
    86 | D        | Found a hazy altar of Hepliaklqana.
    86 | D        | Found a stormy altar of Qazlal.
    86 | D        | Found a hide-covered altar of Uskayaw.
    86 | D        | Found a blossoming altar of Fedhas.
    86 | D        | Found a bloodstained altar of Trog.
    86 | D        | Found an iron altar of Okawaru.
    86 | D        | Found a basalt altar of Yredelemnul.
    86 | D        | Found a glowing golden altar of the Shining One.
    86 | D        | Found a snail-covered altar of Cheibriados.
    86 | D        | Found a sacrificial altar of Ru.
    86 | D        | Found a glowing silver altar of Zin.
    86 | D        | Found a shadowy altar of Dithmenos.
    86 | D        | Found a white marble altar of Elyvilon.
    86 | D        | Noticed a yak
    87 | D        | Found an opulent altar of Gozag.
    88 | D        | Killed a yak
    89 | D        | Found a sparkling altar of Nemelex Xobeh.
    96 | D        | Became a worshipper of Warmaster Okawaru
   136 | D        | Noticed Sonja
   138 | D        | Killed Sonja
   138 | D        | Reached skill level 19 in Stealth
   138 | D        | Reached skill level 10 in Hexes
   138 | D        | Reached XP level 7. HP: 32/32 MP: 12/18
   189 | D        | Noticed a deep troll
   195 | D        | Killed a deep troll
   195 | D        | Reached * piety under Okawaru
   195 | D        | Reached XP level 8. HP: 36/36 MP: 17/21
   228 | D        | Found Qoab's Armour Emporium.
   235 | D        | Bought a +2 cloak for 231 gold pieces
   258 | D        | Found a burning altar of Makhleb.
   258 | D        | Found a viscous altar of Jiyva.
   258 | D        | Found a shimmering altar of Xom.
   258 | D        | Found a corrupted altar of Lugonu.
   258 | D        | Noticed a slime creature
   261 | D        | Killed a slime creature
   261 | D        | Reached skill level 20 in Stealth
   274 | D        | Noticed a kobold demonologist
   275 | D        | Noticed a kobold demonologist
   279 | D        | Killed a kobold demonologist
   279 | D        | Reached ** piety under Okawaru
   280 | D        | Killed a kobold demonologist
   280 | D        | Reached XP level 9. HP: 39/39 MP: 21/23
   292 | D        | Noticed a demonic crawler
   292 | D        | Noticed a demonic crawler
   292 | D        | Noticed a demonic crawler
   292 | D        | Noticed a demonic crawler
   459 | D        | Slain by a demonic crawler

Levels and vault maps discovered:
D:        dungeon_sprint_1 [red_sonja_temple_1, red_sonja_temple_small_1]

Skill      XL: |  1  2  3  4  5  6  7  8 |
---------------+-------------------------+-----
Stealth        | 10 14 17 18 19 20 | 20.8
Spellcasting   | 3 7 8 9 |  9.4
Hexes          | 4 10 11 12 | 12.1
Short Blades   | 6 7 8 |  8.3
Dodging        | |  3.0

Action                   |  1- 3 |  4- 6 |  7- 9 || total
-------------------------+-------+-------+-------++-------
Melee: Dagger            |     6 |     4 |    11 ||    21
 Cast: Ensorcelled Hiber |       |     1 |     1 ||     2
       Confusing Touch   |       |       |     1 ||     1
  Use: Potion            |     1 |       |       ||     1
 Stab: Sleeping          |     2 |     4 |     5 ||    11
Armor: Robe              |       |       |     3 ||     3
Dodge: Dodged            |     4 |       |    12 ||    16

Table legend:
 A = Non-vault XP
 B = Vault XP
 C = Vault XP percentage of total XP
 D = Non-vault monster count
 E = Vault monster count
 F = Vault count percentage of total count
                 A         B        C        D         E       F
            +---------+---------+-------+---------+---------+-------
      Total |       0 |    3143 | 100.0 |       0 |      11 | 100.0
            +---------+---------+-------+---------+---------+-------
          D |       0 |    3143 | 100.0 |       0 |      11 | 100.0
            +---------+---------+-------+---------+---------+-------
